 Dungeon Crawl Stone Soup version 0.20-a0-307-gd0bf4df (webtiles) character file.

199681 Dysjunc the Impaler (level 18, -3/168 HPs)
             Began as a Merfolk Berserker on Dec 16, 2016.
             Was a Priest of Trog.
             Slain by a guardian serpent (11 damage)
             ... on level 2 of the Snake Pit on Dec 19, 2016.
             The game lasted 03:48:04 (37643 turns).

Dysjunc the Impaler (Merfolk Berserker)            Turns: 37643, Time: 03:48:04

Health: -3/168     AC: 24    Str: 22      XL:     18   Next: 48%
Magic:  11/11      EV: 12    Int:  7 (8)  God:    Trog [***...]
Gold:   1192       SH:  2    Dex: 13 (14) Spells: 17/17 levels left

rFire  + . .     SeeInvis +     l - +6 halberd (antimagic)
rCold  . . .     Gourm    .     d - +2 plate armour of Leroipsa {MP+9 Slay+6}
rNeg   . . .     Faith    .     (shield currently unavailable)
rPois  +         Spirit   .     b - +1 helmet {SInv}
rElec  .         Reflect  +     W - +2 cloak of the Thief {+Fog Slay-2 SInv Stlth+}
rCorr  .         Harm     .     k - +1 pair of gloves
MR     +++..                    (no boots)
Stlth  +++.......               q - amulet of Law {Reflect Dex+3 SH+2}
                                x - ring of flight
                                H - ring of protection from fire

@: lethally poisoned (-3 -> -3), very slightly contaminated, regenerating,
invisible
A: change form in water, swift swim, stealthy swim, molten scales 1, clumsy 2,
deterioration 2, poison resistance, robust 1
}: 1/15 runes: decaying
a: Berserk, Trog's Hand, Burn Spellbooks, Renounce Religion, Evoke Fog, Evoke
Flight


You were on level 2 of the Snake Pit.
You worshipped Trog.
Trog was most pleased with you.
You were full.

You visited 5 branches of the dungeon, and saw 30 of its levels.
You also visited: Labyrinth.

You collected 2757 gold pieces.
You spent 1565 gold pieces at shops.

Inventory:

Hand Weapons
 c - a +0 glaive of freezing
 l - a +6 antimagic halberd (weapon)
 v - a +9 antimagic trident
 G - the +2 halberd "Fualoczi" {freeze, Dex+3}
   (You took it off an orc on level 7 of the Dungeon)

   It has been specially enchanted to freeze those struck by it, causing extra
   injury to most foes and up to half again as much damage against particularly
   susceptible opponents.
   It can also slow down cold-blooded creatures.
   It affects your dexterity (+3).
 N - a +6 antimagic bardiche
Missiles
 f - 5 tomahawks of returning (quivered)
 y - 5 tomahawks of dispersal
 D - 3 steel javelins
 U - 4 javelins of penetration
Armour
 b - a +1 helmet of see invisible (worn)
 d - the +2 plate armour of Leroipsa (worn) {MP+9 Slay+6}
   (You bought it in a shop on level 2 of the Orcish Mines)

   It affects your accuracy and damage with ranged weapons and melee attacks
   (+6).
   It affects your magic capacity (+9).
 k - a +1 pair of gloves (worn)
 W - the +2 cloak of the Thief (worn) {+Fog Slay-2 SInv Stlth+}
   (You found it in a labyrinth)

   It affects your accuracy and damage with ranged weapons and melee attacks
   (-2).
   It lets you see invisible.
   It can be evoked to emit clouds of fog.
   It makes you more stealthy.
Rods
 A - a +3 rod of shadows (12/12)
   (You found it on level 4 of the Lair of Beasts)
 V - a -3 rod of ignition (10/10)
   (You found it on level 10 of the Dungeon)
Jewellery
 j - an uncursed ring of protection from cold
 q - the amulet of Law (around neck) {Reflect Dex+3 SH+2}
   (You acquired it on level 3 of the Lair of Beasts)

   [amulet of reflection]

   It shields you and reflects attacks.
   It affects your dexterity (+3).
   It affects your SH (+2).
 x - a ring of flight (right hand)
 H - a ring of protection from fire (left hand)
Wands
 a - a wand of confusion (24/48)
 e - a wand of teleportation (5/9)
 g - a wand of lightning (6/15)
 h - a wand of acid (8/15)
 m - a wand of flame (39/48)
 o - a wand of slowing (38/48)
 p - a wand of iceblast (5/15)
 s - a wand of paralysis (22/24)
 t - a wand of polymorph (9/24)
Scrolls
 i - 2 scrolls of identify
 r - a scroll of blinking
 w - a scroll of remove curse
 C - a scroll of fear
 I - 3 scrolls of magic mapping
Potions
 n - a potion of might
 z - a potion of resistance
 S - a potion of berserk rage
Miscellaneous
 E - a box of beasts
Comestibles
 u - 13 fruits
 B - a meat ration


   Skills:
 - Level 16.5 Fighting
 * Level 20.0 Polearms
 - Level 10.0 Throwing
 - Level 6.2 Armour
 - Level 13.5 Dodging
 - Level 15.2 Stealth
   Level 5.0 Shields
 + Level 9.8 Evocations


You had 17 spell levels left.
You didn't know any spells.

Dungeon Overview and Level Annotations

Branches:
Dungeon (15/15)            Temple (0/1) D:7            Lair (6/6) D:10
  Swamp (4/4) Lair:2        Snake (3/4) Lair:3        Slime (0/5) Lair:5
    Orc (2/2) D:12            Elf (0/3) Orc:2        Vaults (0/5) D:13
 Depths (0/5) D:15

Altars:
Dithmenos
Fedhas
Gozag
Hepliaklqana
Makhleb
Ru
Sif Muna
Uskayaw
Vehumet
Xom
Yredelemnul
The Shining One
Beogh
Jiyva

Shops:
D:5 *=![%   D:6 }   D:9 }   D:11 [   D:12 ((   Orc:1 *   Orc:2 %[(([
Snake:2 =*


Innate Abilities, Weirdness & Mutations

You revert to your normal form in water.
You are very nimble and swift while swimming.
You are very stealthy in the water. (Stealth+)
You are partially covered in molten scales. (AC +2)
You are very clumsy. (Dex -4)
Your body often deteriorates upon taking damage.
Your system is resistant to poisons. (rPois)
You are robust. (+10% HP)


Message History

The bolt of poison hits you! You resist.
* * * LOW HITPOINT WARNING * * *
You feel sick.
Okay, then.
Okay, then.
You feel sick.
You feel sick.
You feel sick.
You feel sick.
The guardian serpent coils itself and waves its upper body at you.
The bolt of poison hits you! You resist.
You fail to use your ability.
You feel sick.
The guardian serpent hits you but does no damage.
Unknown command.
Your black bear goes berserk!
You can no longer call in reinforcements.
You feel sick. The guardian serpent hits you!
* * * LOW HITPOINT WARNING * * *
The guardian serpent hits you!
You die...

#........#....##........
.............# $........
.......>.....#..
....####........
#........# #........
N.NS.....# ##........
....N....# #.....##..
...SN....# #S...## .
.........######@..##
............Nh...##
........$........#
#..<........
######....... #......##
......## ......##


You could see a guardian serpent, a naga and a friendly black bear (berserk).

Vanquished Creatures
  Jorgrun (Swamp:4)
  3 thorn hunters
  Gastronok (Lair:2)
  Donald (Swamp:4)
  2 nagarajas
  3 fire dragons (Swamp:4)
  A minotaur (Lab)
  3 naga warriors
  4 vault guards (D:13)
  14 hydras
  A ghost crab (Swamp:4)
  2 anacondas (Snake:1)
  2 centaur warriors (D:14)
  A merfolk avatar (Lair:6)
  A queen ant (Lair:3)
  9 alligators
  6 death yaks
  4 two-headed ogres
  2 tengu warriors (D:14)
  3 naga sharpshooters (Snake:3)
  4 unseen horrors
  2 shambling mangroves
  A salamander mystic (Snake:1)
  2 unseen horrors (shapeshifter) (D:14)
  2 naga ritualists
  A lindwurm (Swamp:4)
  12 swamp dragons
  5 spriggan druids
  2 orc knights
  Pikel (D:4)
  The ghost of ultrashaft the Cleaver, a novice DDFi of Makhleb (D:6)
  A harpy (Lair:6)
  A wolf spider zombie (D:14)
  8 mana vipers
  5 orc sorcerers
  The ghost of DoctorBileduct the Skirmisher, a novice OgBe of Trog (D:5)
  A salamander (shapeshifter) (D:15)
  2 cyclopes
  A manticore (D:12)
  5 salamanders (Snake:1)
  A guardian serpent (Snake:1)
  8 elephants (Lair:6)
  Joseph (D:7)
  18 black mambas
  7 naga magi
  Psyche (D:9)
  2 gargoyles
  A molten gargoyle (Swamp:4)
  A torpor snail (Lair:5)
  19 spiny frogs
  3 kobold demonologists (D:11)
  8 komodo dragons
  A freezing wraith (D:14)
  6 rime drakes
  A tengu conjurer (D:14)
  10 trolls
  A meliai (D:13)
  A meliai (shapeshifter) (D:14)
  A slave (D:4)
  3 tyrant leeches
  4 polar bears (Lair:6)
  12 hornets
  7 bog bodies
  8 hippogriffs
  13 blink frogs
  16 slime creatures
  4 dream sheep (Lair:4)
  Sigmund (D:4)
  A wraith (D:13)
  3 shadows
  A vampire (D:14)
  8 spriggans
  7 wyverns
  30 yaks
  4 hungry ghosts
  25 vampire mosquitoes
  A steam dragon (Swamp:4)
  Eustachio (D:6)
  3 basilisks
  Edmund (D:4)
  13 swamp worms
  A warg (Orc:2)
  12 insubstantial wisps
  21 nagas
  12 water moccasins
  6 soldier ants
  2 acid dragons (D:13)
  6 porcupines
  Duvessa (D:6)
  3 ice beasts
  A black bear (D:6)
  22 orc warriors
  16 swamp drakes
  A hornet zombie (D:7)
  An eye of draining (D:13)
  13 ogres
  3 phantoms
  A necrophage (D:14)
  15 wolves
  7 boggarts (D:14)
  9 centaurs
  7 big kobolds
  10 crocodiles
  16 bullfrogs
  2 gnoll sergeants
  Dowan (D:6)
  5 scorpions
  A howler monkey (D:7)
  4 wights (D:9)
  A lava snake (Swamp:4)
  4 electric eels
  9 crimson imps
  2 bullfrog zombies
  6 centaur zombies
  7 hounds
  5 jellies
  20 orc priests
  2 bullfrog skeletons
  26 orc wizards
  4 centaur skeletons
  Jessica (D:2)
  Natasha (thrice) (D:2)
  Terence (D:2)
  3 iguanas
  29 worker ants
  A hound skeleton (D:5)
  2 howler monkey zombies
  2 worker ant zombies
  11 gnolls
  13 adders
  5 oozes (D:8)
  4 worms
  3 dart slugs
  4 leopard geckos
  108 orcs
  7 bats
  8 giant cockroaches
  14 goblins
  7 hobgoblins
  16 jackals
  3 quokkas
  A ball python (D:4)
  4 frilled lizards
  A giant cockroach zombie (D:5)
  28 kobolds
  5 rats
  2 fungi (Lair:6)
  A plant (Lair:2)
951 creatures vanquished.

Vanquished Creatures (collateral kills)
  Rupert (Lair:4)
  An orc warlord (Orc:2)
  6 death yaks
  A two-headed ogre (D:11)
  2 orc high priests (Orc:2)
  A swamp dragon (Swamp:4)
  A lindwurm (Swamp:4)
  2 orc sorcerers (Orc:2)
  A salamander (Snake:2)
  2 black mambas (Snake:2)
  A spiny frog (Lair:2)
  A troll (Orc:2)
  A bog body (Swamp:4)
  A warg (Orc:1)
  6 orc warriors
  6 orc priests
  4 orc wizards
  2 shadow imps
  14 orcs
54 creatures vanquished.

Vanquished Creatures (others)
  2 swamp dragons (Swamp:4)
  A lindwurm (Swamp:4)
  Grinder (D:4)
  A steam dragon (Swamp:4)
  4 swamp drakes (Swamp:4)
  2 slaves (D:4)
  2 boggarts (D:14)
  3 orc wizards
  An iguana (D:4)
  An adder (D:4)
  4 orcs (D:4)
  7 jackals (D:4)
  2 frilled lizards (D:4)
  A briar patch (Swamp:4)
  A bush (Lair:2)
  10 fungi
  14 plants
57 creatures vanquished.

Grand Total: 1062 creatures vanquished

Notes
Turn   | Place    | Note
-------+----------+-------------------------------------------
     0 | D:1      | Dysjunc the Merfolk Berserker began the quest for the Orb.
     0 | D:1      | Reached XP level 1. HP: 18/18 MP: 1/1
   274 | D:1      | Reached XP level 2. HP: 10/24 MP: 2/2
   797 | D:1      | Reached skill level 5 in Polearms
   947 | D:1      | Reached skill level 1 in Stealth
   947 | D:1      | Reached XP level 3. HP: 15/29 MP: 3/3
  1756 | D:2      | Noticed Natasha
  1761 | D:2      | Killed Natasha
  1761 | D:2      | Reached XP level 4. HP: 19/37 MP: 4/4
  2136 | D:2      | Reached ** piety under Trog
  2158 | D:2      | Found a glowing golden altar of the Shining One.
  2348 | D:2      | Noticed Jessica
  2365 | D:2      | Killed Jessica
  2365 | D:2      | Reached XP level 5. HP: 42/42 MP: 5/5
  2596 | D:2      | Noticed Natasha
  2602 | D:2      | Killed Natasha
  2915 | D:2      | Noticed Terence
  2962 | D:2      | Killed Terence
  2962 | D:2      | Reached skill level 6 in Polearms
  3005 | D:2      | Noticed Natasha
  3015 | D:2      | Killed Natasha
  3272 | D:3      | Reached XP level 6. HP: 47/49 MP: 6/6
  4313 | D:3      | Reached *** piety under Trog
  4397 | D:4      | Found a blossoming altar of Fedhas.
  4415 | D:4      | Reached skill level 5 in Fighting
  4415 | D:4      | Reached skill level 5 in Dodging
  4455 | D:4      | Noticed a slave
  4456 | D:4      | Noticed Grinder
  4456 | D:4      | Noticed Pikel
  4456 | D:4      | Noticed a slave
  4456 | D:4      | Noticed a slave
  4456 | D:4      | Noticed a slave
  4468 | D:4      | Killed Pikel
  4468 | D:4      | Reached skill level 7 in Polearms
  4468 | D:4      | Reached XP level 7. HP: 57/57 MP: 7/7
  4468 | D:4      | Reached XP level 8. HP: 64/64 MP: 8/8
  4484 | D:4      | Killed Grinder
  4484 | D:4      | Reached skill level 8 in Polearms
  4552 | D:4      | Found a basalt altar of Yredelemnul.
  4565 | D:4      | Reached skill level 9 in Polearms
  4685 | D:4      | Found a hazy altar of Hepliaklqana.
  4707 | D:4      | Noticed Sigmund
  4742 | D:4      | Killed Sigmund
  4742 | D:4      | Reached skill level 10 in Polearms
  4906 | D:4      | Found a radiant altar of Vehumet.
  4941 | D:4      | Noticed Edmund
  4956 | D:4      | Killed Edmund
  4956 | D:4      | Reached skill level 11 in Polearms
  5165 | D:4      | Killed a freed slave
  5873 | D:5      | Entered Level 5 of the Dungeon
  5897 | D:5      | Found Qepimem's Jewellery Shoppe.
  5920 | D:5      | Noticed DoctorBileduct's ghost (novice OgBe)
  5942 | D:5      | Killed DoctorBileduct's ghost
  5942 | D:5      | Reached skill level 12 in Polearms
  5942 | D:5      | Reached XP level 9. HP: 69/69 MP: 9/9
  6025 | D:5      | Found Revihe's Distillery.
  6052 | D:5      | Bought a potion of mutation for 27 gold pieces
  6052 | D:5      | Bought a potion of degeneration for 11 gold pieces
  6052 | D:5      | Bought a potion of resistance for 110 gold pieces
  6052 | D:5      | Gained mutation: Your system is resistant to poisons. (rPois) [potion of mutation]
  6052 | D:5      | Gained mutation: You are clumsy. (Dex -2) [potion of mutation]
  6085 | D:5      | Found a sacrificial altar of Ru.
  6112 | D:5      | Reached skill level 13 in Polearms
  6266 | D:5      | Found Wecoozo's Food Boutique.
  6465 | D:5      | Found a shadowy altar of Dithmenos.
  6829 | D:5      | Reached skill level 14 in Polearms
  6833 | D:5      | Found Visulyr's Assorted Antiques.
  6853 | D:5      | Bought a bone wand for 96 gold pieces
  6853 | D:5      | Bought a scroll of remove curse for 72 gold pieces
  6943 | D:5      | Reached skill level 5 in Stealth
  7209 | D:5      | Found Bugixi's Armour Emporium.
  7362 | D:6      | Found a deep blue altar of Sif Muna.
  7369 | D:6      | Noticed ultrashaft's ghost (novice DDFi)
  7437 | D:6      | Killed ultrashaft's ghost
  7456 | D:6      | Found an opulent altar of Gozag.
  7484 | D:6      | Reached XP level 10. HP: 30/77 MP: 10/10
  7863 | D:6      | Found Jidixebi's Quality Used Wands.
  7999 | D:6      | Noticed Duvessa
  7999 | D:6      | Noticed Dowan
  8014 | D:6      | Killed Duvessa
  8026 | D:6      | Killed Dowan
  8026 | D:6      | Reached **** piety under Trog
  8036 | D:6      | Noticed Eustachio
  8099 | D:6      | Killed Eustachio
  8600 | D:7      | Reached skill level 1 in Shields
  8663 | D:7      | Noticed Joseph
  8717 | D:7      | Killed Joseph
  8909 | D:7      | Found a hide-covered altar of Uskayaw.
  8928 | D:7      | Gained mutation: Your magical capacity is low. (-10% MP) [potion of mutation]
  8928 | D:7      | Gained mutation: Your spells are a little easier to cast, but a little less powerful. [potion of mutation]
  8963 | D:7      | Got a bloodstained dagger
  8964 | D:7      | Identified the +11 dagger of the Forest {antimagic, rN++} (You found it on level 7 of the Dungeon)
  8983 | D:7      | Found a staircase to the Ecumenical Temple.
  9073 | D:7      | Got a jewelled halberd {freeze}
  9082 | D:7      | Identified the cursed +2 halberd "Fualoczi" {freeze, Dex+3} (You took it off an orc on level 7 of the Dungeon)
  9275 | D:7      | Reached skill level 5 in Shields
 10083 | D:8      | Reached XP level 11. HP: 65/84 MP: 9/9
 10211 | D:8      | Reached skill level 15 in Polearms
 10309 | D:8      | Reached ***** piety under Trog
 10555 | D:9      | Found Zaggics's Gadget Boutique.
 10600 | D:9      | Noticed Psyche
 10621 | D:9      | Killed Psyche
 10976 | D:9      | Reached skill level 16 in Polearms
 11696 | D:10     | Entered Level 10 of the Dungeon
 11737 | D:10     | Found a shimmering altar of Xom.
 11773 | D:10     | Killed an unseen horror
 11773 | D:10     | Reached skill level 10 in Dodging
 11931 | D:10     | Received a gift from Trog
 12104 | D:10     | Identified a -3 rod of ignition (10/10) (You found it on level 10 of the Dungeon)
 12353 | D:10     | Noticed a two-headed ogre
 12370 | D:10     | Killed a two-headed ogre
 12626 | D:10     | Found a staircase to the Lair.
 12931 | D:11     | Found Bifi Ruc's Armour Boutique.
 13238 | D:11     | Noticed a two-headed ogre
 13244 | D:11     | Killed a two-headed ogre
 13320 | D:11     | Noticed a soul eater
 13404 | D:11     | Noticed an eight-headed hydra
 13411 | D:11     | Killed a 14-headed hydra
 13411 | D:11     | Reached skill level 10 in Fighting
 13411 | D:11     | Reached skill level 1 in Evocations
 13411 | D:11     | Reached XP level 12. HP: 80/97 MP: 9/11
 14049 | D:11     | Noticed a two-headed ogre
 14054 | D:11     | Killed a two-headed ogre
 14521 | D:12     | Noticed a two-headed ogre
 14529 | D:12     | Killed a two-headed ogre
 14579 | D:12     | Found Mimih's Weapon Shoppe.
 14583 | D:12     | Found Foudah's Antique Weapon Shoppe.
 14708 | D:12     | Found a staircase to the Orcish Mines.
 14818 | D:12     | You fall through a shaft for 3 floors!
 14818 | D:15     | Entered Level 15 of the Dungeon
 14860 | D:15     | Found a staircase to the Depths.
 14860 | D:15     | Noticed a fire giant
 14930 | D:15     | Found a labyrinth entrance.
 15049 | Lab      | Entered a labyrinth
 18293 | Lab      | Noticed a minotaur
 18303 | Lab      | Killed a minotaur
 18308 | Lab      | Got an amber-encrusted ring mail
 18308 | Lab      | Got an ancient plate armour
 18315 | Lab      | Gained mutation: You are partially covered in molten scales. (AC +2) [potion of mutation]
 18315 | Lab      | Lost mutation: Your spells are a little easier to cast, but a little less powerful. [potion of mutation]
 18315 | Lab      | Lost mutation: Your magical capacity is low. (-10% MP) [potion of mutation]
 18329 | Lab      | Identified the cursed +0 plate armour of the Evening {Dex+2 Slay+2} (You found it in a labyrinth)
 18341 | Lab      | Identified the cursed +0 ring mail of Imperfection {*Drain rN+ Str+4 Dex+3} (You found it in a labyrinth)
 18434 | D:14     | Noticed a centaur warrior
 18441 | D:14     | Killed a centaur warrior
 18456 | D:14     | Noticed a tengu warrior
 18523 | D:14     | Noticed a two-headed ogre
 18528 | D:14     | Noticed a centaur warrior
 18530 | D:14     | Noticed a two-headed ogre
 18624 | D:14     | Gained mutation: You are very clumsy. (Dex -4) [mutagenic meat]
 18796 | D:14     | Gained mutation: Your body sometimes deteriorates upon taking damage. [mutagenic meat]
 18841 | D:14     | Noticed a centaur warrior
 18852 | D:14     | Killed a centaur warrior
 18896 | D:14     | Gained mutation: Your muscles are strong. (Str +2) [potion of mutation]
 18909 | D:14     | Reached XP level 13. HP: 105/108 MP: 16/16
 18915 | D:14     | Gained mutation: You are robust. (+10% HP) [mutagenic meat]
 18958 | D:14     | Reached skill level 5 in Evocations
 19047 | D:14     | Reached skill level 1 in Throwing
 19047 | D:14     | Reached skill level 10 in Stealth
 19743 | D:12     | Found a burning altar of Makhleb.
 19894 | Lair:1   | Entered Level 1 of the Lair of Beasts
 20753 | Lair:2   | Noticed Gastronok
 20767 | Lair:2   | Killed Gastronok
 20917 | Lair:2   | Found a staircase to the Swamp.
 21972 | Lair:3   | HP: 3/123 [death yak (15)]
 22154 | Lair:3   | Identified a scroll of acquirement
 22155 | Lair:3   | Got a vibrating lead amulet
 22156 | Lair:3   | Identified the amulet of Law {Reflect Dex+3 SH+2} (You acquired it on level 3 of the Lair of Beasts)
 22177 | Lair:3   | Found a staircase to the Snake Pit.
 22237 | Lair:3   | Reached XP level 14. HP: 132/132 MP: 19/19
 22439 | Lair:3   | Reached skill level 5 in Throwing
 22939 | Lair:4   | Identified a +3 rod of shadows (12/12) (You found it on level 4 of the Lair of Beasts)
 23199 | Lair:4   | Received a gift from Trog
 23286 | Lair:4   | Noticed Rupert
 23339 | Lair:4   | Killed Rupert
 23352 | Lair:4   | Reached skill level 15 in Fighting
 24021 | Lair:5   | Found a viscous altar of Jiyva.
 24021 | Lair:5   | Found a staircase to the Slime Pits.
 24839 | Lair:6   | Entered Level 6 of the Lair of Beasts
 25365 | Lair:6   | Reached XP level 15. HP: 144/144 MP: 20/20
 25639 | Lair:6   | Got a blackened whip
 25640 | Lair:6   | Identified the +7 whip "Juarurun" {speed, rC+ Str-4 Int+3 Dex+4} (You found it on level 6 of the Lair of Beasts)
 26270 | Orc:1    | Entered Level 1 of the Orcish Mines
 26272 | Orc:1    | Found a roughly hewn altar of Beogh.
 26347 | Orc:1    | Found Fieduenn's Assorted Antiques.
 26356 | Orc:1    | Bought a scroll of blinking for 157 gold pieces
 26508 | Orc:1    | Received a gift from Trog
 26636 | Orc:2    | Entered Level 2 of the Orcish Mines
 27104 | Orc:2    | Found a staircase to the Elven Halls.
 27137 | Orc:2    | Found Neleyhai's Food Shoppe.
 27175 | Orc:2    | Paralysed by an orc sorcerer for 5 turns
 27404 | Orc:2    | Upgraded the game from 0.20-a0-303-g575bbf7 to 0.20-a0-307-gd0bf4df
 27656 | Orc:2    | Found a roughly hewn altar of Beogh.
 27657 | Orc:2    | Found Vacvarut's Antique Weapon Shop.
 27722 | Orc:2    | Found a roughly hewn altar of Beogh.
 27724 | Orc:2    | Found Olonuer's Antique Armour Boutique.
 27762 | Orc:2    | Bought a bloodstained plate armour for 952 gold pieces
 27772 | Orc:2    | Identified the +2 plate armour of Leroipsa {MP+9 Slay+6} (You bought it in a shop on level 2 of the Orcish Mines)
 27860 | Orc:2    | Found a roughly hewn altar of Beogh.
 28018 | Orc:2    | Received a gift from Trog
 28038 | Orc:2    | Noticed an orc warlord
 28055 | Orc:2    | Killed an orc warlord
 28120 | Orc:2    | Found Mojuda Fedeu's Antique Armour Emporium.
 28122 | Orc:2    | Found a roughly hewn altar of Beogh.
 28150 | Orc:2    | Found Roemuu's Antique Weapon Shoppe.
 28162 | Orc:2    | Bought an ancient leather armour for 140 gold pieces
 28173 | Orc:2    | Identified the +1 leather armour of the Orcish Mines {rN+ MR- Slay+5} (You bought it in a shop on level 2 of the Orcish Mines)
 28230 | Orc:2    | Found a roughly hewn altar of Beogh.
 28399 | D:13     | Found a gate to the Vaults.
 28447 | D:13     | Received a gift from Trog
 29513 | Swamp:1  | Entered Level 1 of the Swamp
 29531 | Swamp:1  | Noticed a thorn hunter
 29551 | Swamp:1  | Killed a thorn hunter
 29799 | Swamp:1  | Found a shadowy altar of Dithmenos.
 30785 | Swamp:2  | Reached XP level 16. HP: 152/152 MP: 21/21
 30971 | Swamp:2  | Received a gift from Trog
 31018 | Swamp:2  | Reached skill level 17 in Polearms
 31898 | Swamp:3  | Reached skill level 10 in Throwing
 32597 | Swamp:4  | Entered Level 4 of the Swamp
 32651 | Swamp:4  | Noticed a thorn hunter
 32672 | Swamp:4  | Killed a thorn hunter
 32721 | Swamp:4  | Reached skill level 5 in Armour
 32766 | Swamp:4  | Received a gift from Trog
 33013 | Swamp:4  | Reached XP level 17. HP: 139/159 MP: 22/22
 33051 | Swamp:4  | Noticed Donald
 33081 | Swamp:4  | Killed Donald
 33112 | Swamp:4  | Lost mutation: Your muscles are strong. (Str +2) [potion of mutation]
 33112 | Swamp:4  | Gained mutation: Your body often deteriorates upon taking damage. [potion of mutation]
 33307 | Swamp:4  | Noticed Jorgrun
 33386 | Swamp:4  | Killed Jorgrun
 33386 | Swamp:4  | Reached skill level 18 in Polearms
 34078 | Swamp:4  | Reached skill level 15 in Stealth
 34180 | Swamp:4  | Got a decaying rune of Zot
 34493 | Swamp:3  | Reached XP level 18. HP: 81/168 MP: 24/24
 34502 | Swamp:3  | Received a gift from Trog
 35091 | Snake:1  | Entered Level 1 of the Snake Pit
 35914 | Snake:1  | Reached skill level 19 in Polearms
 36272 | Snake:2  | Received a gift from Trog
 36275 | Snake:2  | Found Haluhefo's General Store.
 36721 | Snake:2  | Found Izxiguid's Jewellery Boutique.
 37607 | Snake:3  | Reached skill level 20 in Polearms
 37643 | Snake:2  | HP: 8/168 [guardian serpent (11)]
 37643 | Snake:2  | Slain by a guardian serpent

Vault maps used:
D:1:      minmay_arrival_five_plusses
D:2:      tso_oasis_becter, minmay_tetromino_l2, uniq_natasha, uniq_terence,
          uniq_jessica
D:3:      cheibrodos_greedy_goblins, first_bread, serial_forest,
          infiniplex_forest_clump_curved, infiniplex_forest_lined_corner,
          infiniplex_forest_zigzag_2, infiniplex_forest_zigzag_2,
          infiniplex_forest_corner_1
D:4:      kennysheep_mini_moat, fiery_altar_vehumet, lemuel_doored_altar,
          fedhas_bush_and_centaur_altar, uniq_grinder, uniq_pikel, uniq_sigmund,
          uniq_edmund
D:5:      lemuel_round_altar, marbit_many_paths, serial_shops, shop, shop, shop,
          nicolae_shop_window_shopping, nicolae_shop_stone
D:6:      overflow_temple_1_default, nicolae_overflow_hidden_temple,
          overflow_temple_1_default, nicolae_for_you_no_charge, uniq_duvessa,
          uniq_eustachio
D:7:      eat_drink_and_be_merry_uskayaw, enter_bailey_2, uniq_joseph
D:8:      hangedman_little_slice_of_home
D:9:      serial_shops, shop_statue, uniq_psyche
D:10:     lair_entry_dummy, xom_teletrap_fun
D:11:     serial_shops, shop
D:12:     orc_0_dummy, serial_shops, shop_statue, shop, basic_altar
D:13:     lightli_vaults_fourway_checkpoint
D:14:     minmay_misc_feat_cross
D:15:     grunt_enter_depths_giant_problem, minmay_misc_feat_secret_circle,
          lab_entry_generic, item_on_display_a
Lair:1:   patterned_corridor, serial_bayou_shore_a, grunt_megastairs_2
Lair:2:   minmay_swamp_entry_worms, serial_forest, infiniplex_forest_end_3,
          infiniplex_forest_lined_corner, infiniplex_forest_join,
          infiniplex_forest_zigzag_1, infiniplex_forest_lined_3,
          infiniplex_forest_straight_2, infiniplex_forest_straight_3,
          infiniplex_forest_clump_C, uniq_gastronok
Lair:3:   guppyfry_snake_entry_garden, minmay_another_anthill
Lair:4:   serial_bayou, serial_bayou_crossing, serial_bayou_lagoon_a,
          serial_bayou_pond_b, serial_bayou_pond_c, uniq_rupert
Lair:5:   dpeg_slime_entry_enclosed_altar
Lair:6:   gammafunk_lair_ancient_temple
Swamp:1:  nicolae_swamp_godswood
Swamp:2:  evilmike_swamp_ruin_house_3
Swamp:3:  evilmike_swamp_ruin_house_6, swamp_pool1
Swamp:4:  swamp_fiery, uniq_jorgrun, uniq_donald
Snake:2:  serial_shops, nicolae_shop_crystal, shop, nicolae_shop_behind_doors,
          shop, hangedman_snake_corridor_split
Orc:1:    basic_altar, serial_shops, shop_fountains, mines3_lemuel
Orc:2:    grunt_orc_community_town_hall, grunt_orc_community_big_house_1,
          grunt_orc_community_big_house_1, grunt_orc_community_house_1,
          grunt_orc_community_house_2, grunt_orc_community_house_3,
          grunt_orc_community_house_3, serial_shops, shop
Lab:      nicolae_lab_do_over

Skill      XL: |  1  2  3  4  5  6  7  8  9 10 11 12 13 14 15 16 17 18 |
---------------+-------------------------------------------------------+-----
Dodging        | 3 4 6 7 9 11 13 | 13.5
Polearms       | 5 6 7 12 14 16 17 18 20 | 20.0
Stealth        | 1 2 3 4 6 7 8 9 10 11 13 14 15 | 15.2
Fighting       | 4 5 6 7 10 12 14 16 | 16.5
Shields        | 5 |  5.0
Evocations     | 1 4 7 8 9 |  9.8
Throwing       | 4 7 9 10 | 10.0
Armour         | 3 5 6 |  6.2

Action                   |  1- 3 |  4- 6 |  7- 9 | 10-12 | 13-15 | 16-18 || total
-------------------------+-------+-------+-------+-------+-------+-------++-------
Melee: Spear             |   164 |   271 |       |   108 |       |       ||   543
       Trident           |       |     7 |   335 |   201 |       |    23 ||   566
       Halberd           |       |       |       |   610 |  1459 |   752 ||  2821
       Dagger            |       |       |       |    14 |       |       ||    14
       Tailslap          |       |       |       |       |    25 |    54 ||    79
       Bardiche          |       |       |       |       |       |     3 ||     3
Throw: Stone             |       |       |     2 |       |       |       ||     2
       Tomahawk          |       |       |     1 |     3 |    10 |    66 ||    80
       Javelin           |       |       |       |       |    10 |    15 ||    25
Invok: Berserk           |     2 |     4 |     3 |     4 |    10 |     3 ||    26
       Trog's Hand       |       |     1 |     4 |     8 |    21 |     9 ||    43
       Brothers in Arms  |       |       |       |     4 |    11 |     7 ||    22
       Burn Spellbooks   |       |       |       |     1 |     3 |     1 ||     5
 Abil: Evoke Fog         |       |       |       |     1 |       |       ||     1
Evoke: Rod               |       |       |       |     1 |       |       ||     1
       Wand              |       |       |       |       |    14 |    19 ||    33
  Use: Scroll            |     1 |     9 |     6 |    24 |    26 |     9 ||    75
       Potion            |       |     3 |     3 |    10 |    11 |     8 ||    35
 Stab: Sleeping          |       |       |     5 |     7 |    38 |     4 ||    54
       Distracted        |       |       |       |     2 |     6 |     4 ||    12
       Paralysed         |       |       |       |       |       |     2 ||     2
  Eat: Chunk             |     4 |     4 |     3 |    15 |    14 |     4 ||    44
       Bread ration      |       |     1 |     1 |     6 |     6 |     3 ||    17
       Meat ration       |       |     1 |     2 |     1 |       |     1 ||     5
       Royal jelly       |       |       |     1 |       |     6 |     6 ||    13
       Beef jerky        |       |       |     1 |     1 |     3 |       ||     5
       Fruit             |       |       |       |     5 |     4 |       ||     9
       Pizza             |       |       |       |       |     1 |     2 ||     3
Armor: Animal skin       |    11 |       |       |       |       |       ||    11
       Chain mail        |    33 |    82 |    71 |       |       |       ||   186
       Ring mail         |       |     9 |    11 |       |       |       ||    20
       Plate armour      |       |       |       |   288 |   157 |   346 ||   791
       Skin              |       |       |       |    13 |     1 |       ||    14
       Leather armour    |       |       |       |    25 |       |       ||    25
       Troll leather arm |       |       |       |    39 |   264 |       ||   303
Dodge: Dodged            |   103 |    89 |    99 |   437 |  1085 |   416 ||  2229
Block: Buckler           |       |       |       |     9 |       |       ||     9
       Other             |       |       |       |       |    56 |    48 ||   104
       Reflection        |       |       |       |       |       |     6 ||     6
